 Dungeon Crawl Stone Soup version 0.20-a0-731-gecde0bf (webtiles) character file.

1046 Alarkh the Insei (level 8, -1/61 HPs)
             Began as a Mummy Monk on Feb 22, 2017.
             Was a Believer of Wu Jian.
             Slain by an orc
             ... wielding a +0 mace
              (9 damage)
             ... on level 5 of the Dungeon.
             The game lasted 00:18:39 (7595 turns).

Alarkh the Insei (Mummy Monk)                       Turns: 7595, Time: 00:18:40

Health: -1/61      AC:  5    Str: 14    XL:     8   Next: 5%
Magic:  13/13      EV: 14    Int: 18    God:    Wu Jian [**....]
Gold:   259        SH:  0    Dex: 14    Spells: 10/13 levels left

rFire    x . .     SeeInvis .     - Unarmed
rCold    + . .     Gourm    .   x - +0 robe of Ekakism {Int+4} (curse)
rNeg     + + +     Faith    .   (no shield)
rPois    ∞         Spirit   .   (no helmet)
rElec    .         Reflect  .   f - +2 cloak
rCorr    .         Harm     .   (no gloves)
MR       +....                  (no boots)
Stlth    ++........             (no amulet)
Regen    0.2/turn               p - ring of wizardry
MPRegen  0.2/turn               j - +2 ring of intelligence

@: no status effects
A: no food or potions, fire vulnerability, cold resistance 1, negative energy
resistance 3, torment resistance, unbreathing
a: Renounce Religion


You were on level 5 of the Dungeon.
You worshipped Wu Jian.
Wu Jian was pleased with you.
You were not hungry.

You visited 2 branches of the dungeon, and saw 11 of its levels.
You also visited: Ossuary.

You collected 259 gold pieces.

Inventory:

Armour
 a - a +0 robe
 f - a +2 cloak (worn)
 x - the cursed +0 robe of Ekakism (worn) {Int+4}
   (You found it on level 7 of the Dungeon)

   It affects your intelligence (+4).
   It has a curse placed upon it.
Magical Staves
 t - an uncursed staff of cold
Jewellery
 i - an uncursed ring of resist corrosion
 j - a +2 ring of intelligence (left hand)
 p - a ring of wizardry (right hand)
Wands
 o - a wand of polymorph (11/24)
 q - a wand of iceblast (0/15)
 u - a wand of random effects (6/48)
 v - a wand of random effects (16/48)
Scrolls
 b - 3 scrolls of enchant armour
 c - 4 scrolls of remove curse
 d - 2 scrolls of amnesia
 e - a scroll of identify
 g - 5 scrolls of recharging {unknown}
 h - a scroll of magic mapping
 k - 7 scrolls of teleportation
 l - 2 scrolls of fog {unknown}
 m - 2 scrolls of enchant weapon {unknown}
 r - a scroll of immolation
 s - 2 scrolls of noise
 w - a scroll of vulnerability
 y - a scroll of blinking {unknown}
Books
 n - a book of Maledictions

   Spells                             Type                      Level
   a - Corona                         Hexes                        1
   b - Ensorcelled Hibernation        Hexes/Ice                    2
   c - Confuse                        Hexes                        3
   d - Tukima's Dance                 Hexes                        3
   e - Dazzling Spray                 Conjuration/Hexes            3


   Skills:
 + Level 4.8 Fighting
 + Level 4.0 Dodging
 - Level 1.5 Stealth
 * Level 5.2 Unarmed Combat
 + Level 3.4 Spellcasting
 * Level 3.1 Conjurations


You had 10 spell levels left.
You knew the following spells:

 Your Spells              Type           Power        Failure   Level  Hunger
a - Dazzling Spray        Conj/Hex       #.....       12%         3    N/A

Dungeon Overview and Level Annotations

Branches:
Dungeon (10/15)            Temple (1/1) D:7
   Lair: D:8-11         Orc: D:9-12

Altars:
Ashenzari
Cheibriados
Elyvilon
Fedhas
Hepliaklqana
Makhleb
Nemelex Xobeh
Okawaru
Ru
Sif Muna
Uskayaw
Wu Jian
Xom
Yredelemnul
Zin
The Shining One

Annotations:
D:5 1 exclusion, slumpy's ghost, amateur FoFi
D:6 Grinder
D:7 Menkaure; Pikel


Innate Abilities, Weirdness & Mutations

You do not eat or drink.
Your flesh is vulnerable to fire.
You are immune to poison.
Your flesh is cold resistant. (rC+)
You are immune to negative energy. (rN+++)
You are immune to unholy pain and torment.
You can survive without breathing.


Message History

Slumpy's ghost is almost destroyed.
Evoking this partially-identified wand wasted a few charges.
Slumpy's ghost hits you but does no damage.
Evoke which item? (* to show all) (? for menu, Esc to quit)
Aiming: Random Effects (will waste charges)
Press: ? - help, Shift-Dir - straight line, f/p - slumpy's ghost
Aim: slumpy's ghost (almost destroyed)
The fireball explodes!
The fireball engulfs slumpy's ghost.
Slumpy's ghost is almost destroyed.
Evoking this partially-identified wand wasted a few charges.
Slumpy's ghost whispers, "It is all a dream - a grotesque and foolish dream."
Slumpy's ghost hits you!
* * * LOW HITPOINT WARNING * * *
An orc comes into view. It is wielding a mace.
The orc moves out of view.
There is an open door here.
The orc shouts!
You spin and attack the orc.
You hit the orc but do no damage. The orc hits you with a mace!
You die...

...........# #.. ########.#.# #..
#.#.# ###
#######################.#.#######
.................................
###########...#########.#.###.###
...#####......#......##.#.#
...'.................'..#.#
...#............@.W..#..#.#
...#.###......#..o...'..#.#
...#.###....###......##.#.#
...#........##.......'....#
####...!.#####.......##.###
#.....# #.......##..# #.#####
#.#########.# ####'#### #.#
##...#.# ........# #.# ##.#.#.#


You could see slumpy's ghost and an orc.

Vanquished Creatures
  An orc warrior (D:6)
  A sky beast (D:5)
  An ogre (D:4)
  A centaur (D:9)
  3 scorpions
  A crimson imp (D:5)
  3 howler monkeys
  A jelly (D:7)
  2 orc wizards
  An iguana (D:6)
  2 worker ants
  4 gnolls
  6 adders
  A shadow imp (D:9)
  An ooze (D:1)
  An adder skeleton (D:4)
  2 worms
  2 dart slugs
  3 leopard geckos
  15 orcs
  4 giant cockroaches
  6 goblins
  6 hobgoblins
  9 jackals
  8 kobolds
  2 quokkas
  A ball python (D:5)
  5 bats
  6 frilled lizards
  2 gnoll skeletons (Ossuary)
  3 gnoll zombies (Ossuary)
  5 goblin skeletons (Ossuary)
  3 goblin zombies (Ossuary)
  3 hobgoblin skeletons (Ossuary)
  3 hobgoblin zombies (Ossuary)
  5 kobold skeletons (Ossuary)
  3 kobold zombies (Ossuary)
  An orc skeleton (Ossuary)
  2 orc zombies (Ossuary)
  9 rats
  2 rat skeletons (Ossuary)
  2 rat zombies (Ossuary)
142 creatures vanquished.

Vanquished Creatures (others)
  4 mummies (Ossuary)
  4 gnoll zombies (Ossuary)
  2 gnoll skeletons (Ossuary)
  A goblin skeleton (Ossuary)
  2 goblin zombies (Ossuary)
  2 hobgoblin skeletons (Ossuary)
  A hobgoblin zombie (Ossuary)
  2 orc skeletons (Ossuary)
  2 rat zombies (Ossuary)
20 creatures vanquished.

Grand Total: 162 creatures vanquished

Notes
Turn   | Place    | Note
-------+----------+-------------------------------------------
     0 | D:1      | Alarkh the Mummy Monk began the quest for the Orb.
     0 | D:1      | Reached XP level 1. HP: 18/18 MP: 1/1
   456 | D:1      | Reached XP level 2. HP: 15/24 MP: 2/2
  1075 | D:2      | Reached skill level 3 in Unarmed Combat
  1075 | D:2      | Reached XP level 3. HP: 28/29 MP: 3/3
  1654 | D:3      | Reached XP level 4. HP: 30/35 MP: 4/4
  2947 | D:4      | Learned a level 3 spell: Dazzling Spray
  3033 | D:4      | Reached XP level 5. HP: 39/42 MP: 5/5
  3275 | D:4      | Found a shimmering altar of Xom.
  3275 | D:4      | Found a blossoming altar of Fedhas.
  3302 | D:4      | Noticed an ogre
  3319 | D:4      | Reached skill level 4 in Unarmed Combat
  3328 | D:4      | Killed an ogre
  3328 | D:4      | Reached skill level 1 in Spellcasting
  3328 | D:4      | Reached skill level 1 in Conjurations
  3328 | D:4      | Reached XP level 6. HP: 39/48 MP: 5/8
  4207 | D:5      | Entered Level 5 of the Dungeon
  4216 | D:5      | Found a white marble altar of Elyvilon.
  4442 | D:5      | Noticed slumpy's ghost (amateur FoFi)
  5182 | D:6      | Noticed Grinder
  5284 | D:6      | Noticed an orc warrior
  5298 | D:6      | Reached XP level 7. HP: 36/55 MP: 1/10
  5482 | D:6      | You fall through a shaft for 3 floors!
  5501 | D:10     | Entered Level 10 of the Dungeon
  5947 | D:7      | Found a staircase to the Ecumenical Temple.
  5955 | D:7      | Noticed a hippogriff
  5961 | Temple   | Entered the Ecumenical Temple
  5965 | Temple   | Reached skill level 5 in Unarmed Combat
  6150 | Temple   | Became a worshipper of the Wu Jian Council
  6150 | Temple   | Reached * piety under Wu Jian
  6150 | Temple   | Reached ** piety under Wu Jian
  6233 | D:7      | Found an iron altar of Okawaru.
  6241 | D:7      | Noticed Pikel
  6246 | D:7      | Found an iron altar of Okawaru.
  6249 | D:7      | Found a glowing golden altar of the Shining One.
  6255 | D:7      | Got a bloodstained robe
  6274 | D:7      | Identified the cursed +0 robe of Ekakism {Int+4} (You found it on level 7 of the Dungeon)
  6304 | D:7      | Noticed Menkaure
  6317 | D:7      | Found a sand-covered staircase.
  6321 | Ossuary  | Entered an ossuary
  7433 | D:5      | Reached XP level 8. HP: 48/61 MP: 13/13
  7595 | D:5      | Slain by an orc

Vault maps used:
D:1:      enne_arrival_octagon_isle, minmay_pentomino_t2
D:3:      first_bread, kennysheep_generic_room_3
D:4:      gammafunk_temple_overflow_elements, st_stairs_12
D:5:      lemuel_ice_spiral_2, elyvilon_altar_1, eino_tiny_chamber,
          minmay_misc_feat_alley
D:6:      corexii_leaking_fountain, minivault_22, hangedman_decor_push,
          uniq_grinder, uniq_crazy_yiuf_cottage
D:7:      lemuel_doored_altar, lemuel_round_altar,
          nicolae_overflow_hidden_temple, minmay_temple_entry_overgrown,
          basic_altar, nicolae_ossuary_entry_plus, uniq_menkaure, uniq_pikel
D:8:      grunt_gozag_breadcrumbs, kiku_gazebo_garden_becter,
          minmay_tree_intersection, uniq_grum
D:9:      lemuel_round_altar, orc_0_dummy, serial_shops, shop
Temple:   grunt_temple_mini_profane
Ossuary:  ossuary_due_pyramid

Skill      XL: |  1  2  3  4  5  6  7 |
---------------+----------------------+-----
Unarmed Combat | 3 4 5 |  5.2
Dodging        | 3 4 |  4.0
Fighting       | 4 |  4.8
Spellcasting   | 1 2 3 |  3.4
Conjurations   | 1 3 |  3.1
Stealth        | |  1.5

Action                   |  1- 3 |  4- 6 |  7- 9 || total
-------------------------+-------+-------+-------++-------
Melee: Unarmed           |   145 |   322 |   246 ||   713
       Punch             |     2 |     5 |     3 ||    10
 Cast: Dazzling Spray    |       |     9 |     6 ||    15
Evoke: Wand              |       |     4 |    10 ||    14
  Use: Scroll            |     1 |     7 |     8 ||    16
 Stab: Sleeping          |     3 |     5 |     1 ||     9
       Invisible         |       |     1 |       ||     1
Armor: Robe              |    38 |    67 |    37 ||   142
Dodge: Dodged            |    96 |   186 |   130 ||   412
